 Dungeon Crawl Stone Soup version 0.22.1-2-g9c5b331 (webtiles) character file.

173 Matador8 the Grave Robber (level 5, 5/35 HPs)
             Began as a Demonspawn Necromancer on Dec 20, 2018.
             Quit the game on level 3 of the Dungeon.
             The game lasted 00:26:48 (3038 turns).

Matador8 the Grave Robber (Demonspawn Necromancer)  Turns: 3038, Time: 00:26:48

Health: 5/35       AC:  6    Str: 10    XL:     5   Next: 28%
Magic:  2/8        EV: 11    Int: 21    God:
Gold:   87         SH:  0    Dex: 13    Spells: 3/8 levels left

rFire    . . .     SeeInvis .   a - +0 short sword
rCold    . . .     Gourm    .   (no shield)
rNeg     . . .     Faith    .   f - +0 leather armour
rPois    .         Spirit   +   (no helmet)
rElec    .         Reflect  .   (no cloak)
rCorr    .         Harm     .   (no gloves)
MR       .....                  h - +0 pair of boots (curse)
Stlth    ++........             (no amulet)
HPRegen  0.11/turn              (no ring)
MPRegen  0.11/turn              (no ring)

@: brilliant
A: claws 1, yellow scales 1, magic shield
a: no special abilities


You were on level 3 of the Dungeon.
You were hungry.

You visited 1 branch of the dungeon, and saw 4 of its levels.

You collected 87 gold pieces.

Inventory:

Hand Weapons
 a - a +0 short sword (weapon)
 b - a +0 blowgun
 g - a +0 club
 p - a +0 dagger
Missiles
 A - 8 needles of sleeping (quivered)
 C - 5 curare-tipped needles
Armour
 f - a +0 leather armour (worn)
 h - a cursed +0 pair of boots (worn)
 m - a +0 scale mail
 v - a +0 robe
 y - a +2 robe of magic resistance
 D - a +0 large shield
Jewellery
 n - a cursed -3 ring of strength {unknown}
Scrolls
 e - 2 scrolls of enchant weapon {unknown}
 i - 2 scrolls of remove curse
 j - 2 scrolls of teleportation {unknown}
 o - a scroll of identify {unknown}
 r - a scroll of noise {unknown}
 x - a scroll of blinking {unknown}
Potions
 d - a potion of invisibility {unknown}
 k - a potion of ambrosia {unknown}
 l - a potion of flight {unknown}
 q - a potion of heal wounds {unknown}
 s - 3 potions of agility {unknown}
 t - 3 potions of brilliance
 u - a potion of degeneration {unknown}
 w - a potion of lignification {unknown}
 B - 3 potions of curing {unknown}
Comestibles
 c - 4 rations
 z - 3 chunks of flesh


   Skills:
 + Level 0.9 Short Blades
 - Level 1.7 Dodging
 + Level 3.3 Stealth
 + Level 2.0 Spellcasting
 - Level 6.3 Necromancy


You had 3 spell levels left.
You knew the following spells:

 Your Spells              Type           Power        Failure   Level  Hunger
a - Pain                  Necr           ####         1%          1    #......
b - Animate Skeleton      Necr           N/A          1%          1    #......
c - Vampiric Draining     Necr           #####.....   1%          3    ###....

Your spell library contained the following spells:

 Spells                   Type           Power        Failure   Level  Hunger
 Regeneration             Chrm/Necr      ####......   2%          3    ###....
 Animate Dead             Necr           N/A          1%          4    #####..


Dungeon Overview and Level Annotations

Branches:
Dungeon (4/15)
 Temple: D:4-7

Altars:
Ashenzari
Gozag
Trog


Innate Abilities, Weirdness & Mutations

You have sharp fingernails.
You are partially covered in yellow scales. (AC +2)
When hurt, damage is shared between your health and your magic reserves.


Message History

The orc priest miscasts a cantrip.
Your magical contamination has completely faded away.
The orc priest looks satisfied for a moment.
The orc priest invokes the aid of Beogh against you.
Beogh smites you!
* * * LOW HITPOINT WARNING * * *
There is a stone staircase leading down here.
You climb downwards.
A worker ant and an orc come into view.
Found a coral ring.
Found an escape hatch in the ceiling.
Found a stone staircase leading up.
There is a stone staircase leading up here.
The orc shouts!
There is an escape hatch in the ceiling here.
A mysterious force pulls you upwards.
The hatch slams shut behind you. 9 bats and a vampire bat come into view.
The bat hits you but does no damage. x2; The bat barely misses you.
The bat hits you but does no damage. The vampire bat barely misses you.
Found a scroll labeled KISIAZXEGHE.
Are you sure you want to abandon this character and quit the game? (Confirm

#......>..#
##........##
.........#
#......#
#......####
#..... ####
#.####
##b.b##
#####.#
#..b?@#
#.....#


#b..bbbb# #.##### ##....b## #.# ##..b## #.######## #.## #.#...<.... #.
##.######## # ## You could see a vampire bat and 9 bats.

Vanquished Creatures
  Jessica (D:2)
  Natasha (twice) (D:3)
  3 adders
  3 oozes
  A worm (D:2)
  2 dart slugs (D:2)
  4 orcs (D:3)
  2 giant cockroaches
  9 goblins
  6 hobgoblins
  A quokka (D:2)
  7 bats
  4 frilled lizards
  3 kobolds
  8 rats
56 creatures vanquished.

Vanquished Creatures (collateral kills)
  A leopard gecko (D:3)
  A giant cockroach (D:1)
  2 goblins (D:1)
  A hobgoblin (D:3)
  A bat (D:2)
  A kobold (D:3)
  2 rats
9 creatures vanquished.

Grand Total: 65 creatures vanquished

Notes
Turn   | Place    | Note
-------+----------+-------------------------------------------
     0 | D:1      | Matador8 the Demonspawn Necromancer began the quest for the
                  | Orb.
     0 | D:1      | Reached XP level 1. HP: 13/13 MP: 3/3
     2 | D:1      | Learned a level 1 spell: Animate Skeleton
   391 | D:1      | Gained mutation: When hurt, damage is shared between your
                  | health and your magic reserves. [demonic ancestry]
   391 | D:1      | Reached XP level 2. HP: 15/19 MP: 5/5
   873 | D:2      | Found a faded altar of an unknown god.
  1201 | D:2      | Reached skill level 5 in Necromancy
  1236 | D:2      | Reached XP level 3. HP: 21/24 MP: 2/6
  1369 | D:2      | Noticed Jessica
  1378 | D:2      | Learned a level 3 spell: Vampiric Draining
  1841 | D:2      | Found a shattered altar of Ashenzari.
  1945 | D:2      | Killed Jessica
  1945 | D:2      | Gained mutation: You are partially covered in yellow
                  | scales. (AC +2) [demonic ancestry]
  1945 | D:2      | Reached XP level 4. HP: 20/30 MP: 0/7
  1998 | D:2      | Found an opulent altar of Gozag.
  2098 | D:2      | Noticed a moth of wrath
  2101 | D:2      | Found a bloodstained altar of Trog.
  2351 | D:3      | Noticed Natasha
  2661 | D:3      | Reached skill level 6 in Necromancy
  2762 | D:3      | Killed Natasha
  2781 | D:3      | Noticed Natasha
  2785 | D:3      | Killed Natasha
  2785 | D:3      | Gained mutation: You have sharp fingernails. [demonic
                  | ancestry]
  2785 | D:3      | Reached XP level 5. HP: 14/35 MP: 1/8
  3038 | D:3      | Quit the game

Skill      XL: |  1  2  3  4 |
---------------+-------------+-----
Stealth        | 2 3 |  3.3
Necromancy     | 5 6 |  6.3
Short Blades   | |  0.9
Dodging        | |  1.7
Spellcasting   | |  2.0

Action                   |  1- 3 |  4- 6 || total
-------------------------+-------+-------++-------
Melee: Club              |    10 |       ||    10
       Dagger            |    79 |    59 ||   138
       Short sword       |       |    21 ||    21
 Cast: Pain              |    37 |    51 ||    88
       Animate Skeleton  |     8 |     5 ||    13
       Vampiric Draining |     1 |     3 ||     4
  Use: Scroll            |       |     1 ||     1
       Potion            |       |     1 ||     1
 Stab: Sleeping          |     4 |     3 ||     7
       Distracted        |     3 |       ||     3
  Eat: Chunk             |     3 |     2 ||     5
       Ration            |       |     1 ||     1
Armor: Leather armour    |    46 |    34 ||    80
Dodge: Dodged            |    70 |    58 ||   128
